 Dungeon Crawl Stone Soup version 0.25-a0-631-gc915619fb7 (webtiles) character file.

Game seed: 18128684751435335085, levelgen mode: deterministic

8080 Amnesiac the Slinger (level 11, -10/53 HPs)
             Began as a Spriggan Hunter on Mar 18, 2020.
             Was an Elder of Okawaru.
             Killed from afar by Fannar (45 damage)
             ... with a bolt of cold
             ... on level 10 of the Dungeon.
             The game lasted 00:23:02 (12360 turns).

Amnesiac the Slinger (Spriggan Hunter)             Turns: 12360, Time: 00:23:02

Health: -10/53     AC:  9    Str: 11    XL:     11   Next: 5%
Magic:  28/28      EV: 26    Int: 19    God:    Okawaru [****..]
Gold:   683        SH:  0    Dex: 16    Spells: 8/10 levels left

rFire    . . .     SeeInvis +   a - +1 hunting sling
rCold    . . .     Gourm    .   (shield restricted)
rNeg     . . .     Faith    .   F - +1 steam dragon scales
rPois    .         Spirit   .   c - +3 hat of Pondering {ponderous, MR+ MP+10 Int+5}
rElec    .         Reflect  .   (no cloak)
rCorr    .         Harm     +   (gloves unavailable)
MR       ++...                  (boots unavailable)
Stlth    ++........             u - amulet of harm
HPRegen  0.17/turn              (no ring)
MPRegen  0.21/turn              (no ring)

@: very quick
A: very small, unfitting armour, see invisible, herbivore, speed 3, slow
metabolism 2
a: Heroism, Renounce Religion


You were on level 10 of the Dungeon.
You worshipped Okawaru.
Okawaru was greatly pleased with you.
You were not hungry.

You visited 2 branches of the dungeon, and saw 11 of its levels.
You also visited: Sewer and Ossuary.

You collected 683 gold pieces.

Inventory:

Hand Weapons
 a - a +1 hunting sling (weapon)
 b - a +2 dagger of electrocution
Missiles
 d - 53 sling bullets (quivered)
 e - 110 stones
 E - 31 poisoned darts
Armour
 c - the +3 hat of Pondering (worn) {ponderous, MR+ MP+10 Int+5}
   (You took it off Gastronok on level 8 of the Dungeon)

   It affects your intelligence (+5).
   It affects your resistance to hostile enchantments.
   It affects your magic capacity (+10).
 F - +1 steam dragon scales (worn)
Jewellery
 u - an amulet of harm (around neck)
 w - an uncursed amulet of magic regeneration {unknown}
 M - an uncursed amulet of rage {unknown}
Wands
 m - a wand of random effects (39)
 N - a wand of paralysis (6)
Scrolls
 g - 2 scrolls of amnesia {!r, unknown}
 i - 7 scrolls of teleportation {!r}
 j - 2 scrolls of enchant armour {!r}
 n - 2 scrolls of magic mapping {!r}
 q - 3 scrolls of enchant weapon {!r, unknown}
 r - 2 scrolls of fear {!r, unknown}
 x - 2 scrolls of fog {!r}
 y - 2 scrolls of summoning {!r, unknown}
 z - 2 scrolls of holy word {!r, unknown}
 D - 5 scrolls of identify {!r}
 H - a scroll of remove curse {!r, unknown}
 J - a scroll of blinking {!r, unknown}
Potions
 h - 10 potions of curing {!q}
 k - 2 potions of degeneration {!q, unknown}
 l - 2 potions of might {!q}
 o - 6 potions of heal wounds {!q}
 p - a potion of cancellation {!q, unknown}
 s - 2 potions of magic {!q}
 t - 4 potions of resistance {!q}
 v - 3 potions of haste {!q}
 A - 3 potions of lignification {!q, unknown}
 C - 3 potions of invisibility {!q, unknown}
 I - 4 potions of flight {!q, unknown}
 K - a potion of brilliance {!q, unknown}
 L - a potion of mutation {!q, unknown}
Miscellaneous
 B - a lightning rod (4/4)
Comestibles
 f - 19 rations


   Skills:
 + Level 3.8 Fighting
 + Level 14.1 Slings
 + Level 10.8 Dodging
 - Level 1.5 Stealth
 - Level 8.0 Invocations
 + Level 5.5 Evocations


You had 8 spell levels left.
You knew the following spells:

 Your Spells              Type           Power        Failure   Level  Hunger
a - Song of Slaying       Chrm           #.......     30%         2    ###....

Your spell library contained the following spells:

 Spells                   Type           Power        Failure   Level  Hunger
 Foxfire                  Conj/Fire      #...         21%         1    ##.....
 Infusion                 Chrm           #...         21%         1    ##.....
 Shroud of Golubria       Chrm/Tloc      #.....       30%         2    ###....
 Confusing Touch          Hex            #.......     52%         3    ####...
 Conjure Flame            Conj/Fire      #.......     52%         3    ####...
 Gell's Gravitas          Tloc           #.........   52%         3    ####...
 Inner Flame              Hex/Fire       #.......     52%         3    ####...
 Leda's Liquefaction      Hex/Erth       #.........   90%         4    #####..
 Petrify                  Tmut/Erth      #.......     90%         4    #####..
 Sticky Flame             Conj/Fire      #.......     90%         4    #####..
 Bolt of Magma            Conj/Fire/Erth #.........   99%         5    ######.
 Fireball                 Conj/Fire      #.........   99%         5    ######.
 Metabolic Englaciation   Hex/Ice        #.........   99%         5    ######.
 Yara's Violent Unravell  Hex/Tmut       #.........   99%         5    ######.
 Iron Shot                Conj/Erth      #.........   100%        6    #######
 Statue Form              Tmut/Erth      #........    100%        6    #######
 Ring of Flames           Chrm/Fire      #.........   100%        7    #######
 Shatter                  Erth           #.........   100%        9    #######


Dungeon Overview and Level Annotations

Branches:
Dungeon (10/15)            Temple (1/1) D:7            Lair (0/6) D:10
    Orc (0/2) D:9           Sewer (visited)         Ossuary (visited)

Altars:
Ashenzari
Dithmenos
Elyvilon
Gozag
Hepliaklqana
Okawaru
Sif Muna
Trog
Uskayaw
Vehumet
Wu Jian
Xom
The Shining One
Beogh

Annotations:
D:10 Fannar


Innate Abilities, Weirdness & Mutations

You are very small and have problems with some larger weapons.
You are too small for most types of armour.
You have supernaturally acute eyesight. (SInv)
You are a herbivore.
You cover ground extremely quickly.
You need to consume almost no food.


Message History

Aim: an ice beast (almost dead, summoned)
You shoot a sling bullet. The sling bullet hits the ice beast.
You kill the ice beast!
Firing (i - inventory. (/) - cycle)
d - 65 sling bullets (quivered)
Press: ? - help, Shift-Dir - straight line, f - Fannar
Aim: Fannar, wielding a +0 quarterstaff of freezing, wearing a +1 robe of cold resistance and wearing an uncursed ring of ice (heavily wounded, very poisoned, covered in an icy film)
You shoot a sling bullet. The sling bullet hits Fannar!
Fannar is severely wounded.
Firing (i - inventory. (/) - cycle)
d - 64 sling bullets (quivered)
Press: ? - help, Shift-Dir - straight line, f/p - Fannar
Aim: Fannar, wielding a +0 quarterstaff of freezing, wearing a +1 robe of cold resistance and wearing an uncursed ring of ice (severely wounded, very poisoned, covered in an icy film)
You shoot a sling bullet. The sling bullet barely misses Fannar.
Firing (i - inventory. (/) - cycle)
d - 63 sling bullets (quivered)
Press: ? - help, Shift-Dir - straight line, f/p - Fannar
Aim: Fannar, wielding a +0 quarterstaff of freezing, wearing a +1 robe of cold resistance and wearing an uncursed ring of ice (severely wounded, poisoned, covered in an icy film)
You shoot a sling bullet. The sling bullet closely misses Fannar.
Firing (i - inventory. (/) - cycle)
d - 62 sling bullets (quivered)
Press: ? - help, Shift-Dir - straight line, f/p - Fannar
Aim: Fannar, wielding a +0 quarterstaff of freezing, wearing a +1 robe of cold resistance and wearing an uncursed ring of ice (severely wounded, poisoned, covered in an icy film)
You shoot a sling bullet. The sling bullet hits Fannar.
Fannar is severely wounded.
Fannar casts a spell at you. The bolt of cold misses you.
Firing (i - inventory. (/) - cycle)
d - 61 sling bullets (quivered)
Press: ? - help, Shift-Dir - straight line, f/p - Fannar
Aim: Fannar, wielding a +0 quarterstaff of freezing, wearing a +1 robe of cold resistance and wearing an uncursed ring of ice (severely wounded, poisoned, covered in an icy film)
You shoot a sling bullet. The sling bullet closely misses Fannar.
Firing (i - inventory. (/) - cycle)
d - 60 sling bullets (quivered)
Press: ? - help, Shift-Dir - straight line, f/p - Fannar
Aim: Fannar, wielding a +0 quarterstaff of freezing, wearing a +1 robe of cold resistance and wearing an uncursed ring of ice (severely wounded, poisoned, covered in an icy film)
You shoot a sling bullet. The sling bullet barely misses Fannar.
Firing (i - inventory. (/) - cycle)
d - 59 sling bullets (quivered)
Press: ? - help, Shift-Dir - straight line, f/p - Fannar
Aim: Fannar, wielding a +0 quarterstaff of freezing, wearing a +1 robe of cold resistance and wearing an uncursed ring of ice (severely wounded, poisoned, covered in an icy film)
You shoot a sling bullet. The sling bullet misses Fannar.
Fannar brushes some snowflakes from their robe.
Fannar gestures at you while chanting. The bolt of cold hits you!
Firing (i - inventory. (/) - cycle)
d - 58 sling bullets (quivered)
Press: ? - help, Shift-Dir - straight line, f/p - Fannar
Aim: Fannar, wielding a +0 quarterstaff of freezing, wearing a +1 robe of cold resistance and wearing an uncursed ring of ice (severely wounded, poisoned, covered in an icy film)
You shoot a sling bullet. The sling bullet closely misses Fannar.
Firing (i - inventory. (/) - cycle)
d - 57 sling bullets (quivered)
Press: ? - help, Shift-Dir - straight line, f/p - Fannar
Aim: Fannar, wielding a +0 quarterstaff of freezing, wearing a +1 robe of cold resistance and wearing an uncursed ring of ice (severely wounded, poisoned, covered in an icy film)
You shoot a sling bullet.
The sling bullet hits Fannar but does no damage.
Fannar is severely wounded.
Firing (i - inventory. (/) - cycle)
d - 56 sling bullets (quivered)
Press: ? - help, Shift-Dir - straight line, f/p - Fannar
Aim: Fannar, wielding a +0 quarterstaff of freezing, wearing a +1 robe of cold resistance and wearing an uncursed ring of ice (severely wounded, poisoned, covered in an icy film)
You shoot a sling bullet. The sling bullet barely misses Fannar.
Firing (i - inventory. (/) - cycle)
d - 55 sling bullets (quivered)
Press: ? - help, Shift-Dir - straight line, f/p - Fannar
Aim: Fannar, wielding a +0 quarterstaff of freezing, wearing a +1 robe of cold resistance and wearing an uncursed ring of ice (severely wounded, poisoned, covered in an icy film)
You shoot a sling bullet. The sling bullet misses Fannar.
Firing (i - inventory. (/) - cycle)
d - 54 sling bullets (quivered)
Press: ? - help, Shift-Dir - straight line, f/p - Fannar
Aim: Fannar, wielding a +0 quarterstaff of freezing, wearing a +1 robe of cold resistance and wearing an uncursed ring of ice (severely wounded, poisoned, covered in an icy film)
You shoot a sling bullet. The sling bullet closely misses Fannar.
Fannar points at you and mumbles some strange words.
The bolt of cold hits you!!!
Ouch! That really hurt!
You die...

#############
#...<@).....#
#...........#
#....e......#
#.......>...#
#....(......#
#....(......#
#....(.....)#
#....(......#
#...........#


You could see Fannar.

Vanquished Creatures
  Gastronok (D:8)
  A two-headed ogre (D:8)
  Maggie (D:8)
  A troll (D:9)
  A hippogriff (D:7)
  A wyvern (D:9)
  Sigmund (D:3)
  Menkaure (D:6)
  Duvessa (D:4)
  2 sky beasts
  3 orc warriors (D:9)
  2 ice beasts
  An eye of draining (D:10)
  4 centaurs
  2 phantoms
  2 ogres
  2 big kobolds
  An elf zombie (Ossuary)
  7 bullfrogs
  A wyvern zombie (D:7)
  A gnoll sergeant (D:8)
  Dowan (D:4)
  A water moccasin zombie (D:6)
  5 scorpions
  4 howler monkeys
  4 crimson imps
  A centaur zombie (D:8)
  2 human zombies (Ossuary)
  A bullfrog zombie (D:9)
  3 hounds
  8 jellies
  8 orc priests
  A gnoll shaman (D:5)
  10 orc wizards
  A centaur skeleton (D:5)
  Natasha (thrice) (D:2)
  2 iguanas
  6 worker ants
  A killer bee zombie (D:10)
  3 big kobold zombies (Ossuary)
  A hound zombie (D:5)
  4 mummies (Ossuary)
  A worker ant zombie (D:9)
  16 adders
  15 gnolls
  2 river rats (D:6)
  7 oozes
  3 adder skeletons
  2 adder zombies
  7 worms
  8 dart slugs
  3 leopard geckos
  39 orcs
  4 giant cockroaches
  9 hobgoblins
  A jackal (Sewer)
  18 kobolds
  2 quokkas
  9 bats
  5 frilled lizards
  A gnoll zombie (Ossuary)
  5 goblins
  3 goblin zombies
  A hobgoblin zombie (Ossuary)
  2 quokka skeletons
  A quokka zombie (D:9)
  14 rats
  A rat zombie (Ossuary)
286 creatures vanquished.

Vanquished Creatures (others)
  An orc (D:10)
1 creature vanquished.

Grand Total: 287 creatures vanquished

Notes
Turn   | Place    | Note
-------+----------+-------------------------------------------
     0 | D:1      | Amnesiac the Spriggan Hunter began the quest for the Orb.
     0 | D:1      | Reached XP level 1. HP: 10/10 MP: 2/2
    35 | D:1      | Reached skill level 5 in Slings
   119 | D:1      | Reached XP level 2. HP: 13/14 MP: 3/3
   552 | D:1      | Reached skill level 6 in Slings
   558 | D:1      | Reached XP level 3. HP: 18/18 MP: 4/4
  1103 | D:2      | Noticed Natasha
  1241 | D:2      | Reached XP level 4. HP: 22/22 MP: 5/5
  1285 | D:2      | Reached skill level 7 in Slings
  1346 | D:2      | Found a bloodstained altar of Trog.
  1634 | D:2      | Killed Natasha
  1802 | D:2      | Noticed Natasha
  1845 | D:2      | Killed Natasha
  1845 | D:2      | Reached XP level 5. HP: 23/25 MP: 6/6
  1928 | D:2      | Found an ornate altar of the Wu Jian Council.
  2455 | D:2      | Noticed Natasha
  2459 | D:2      | Killed Natasha
  2459 | D:2      | Reached skill level 8 in Slings
  2993 | D:3      | Noticed Sigmund
  3031 | D:3      | Killed Sigmund
  3031 | D:3      | Reached skill level 9 in Slings
  3031 | D:3      | Reached XP level 6. HP: 11/30 MP: 7/7
  3283 | D:3      | Found a shattered altar of Ashenzari.
  3485 | D:3      | Reached skill level 10 in Slings
  3661 | D:4      | Reached XP level 7. HP: 33/33 MP: 8/8
  3670 | D:4      | Found an opulent altar of Gozag.
  4096 | D:4      | Found a glowing golden altar of the Shining One.
  4119 | D:4      | Noticed Dowan
  4150 | D:4      | Noticed Duvessa
  4172 | D:4      | Killed Duvessa
  4179 | D:4      | Found a sand-covered staircase.
  4192 | D:4      | Reached skill level 11 in Slings
  4201 | Ossuary  | Entered an ossuary
  4372 | Ossuary  | Reached XP level 8. HP: 32/37 MP: 9/9
  4730 | D:4      | Killed Dowan
  4730 | D:4      | Reached skill level 12 in Slings
  5048 | D:5      | Entered Level 5 of the Dungeon
  5640 | D:5      | Reached skill level 13 in Slings
  6200 | D:5      | Found a hazy altar of Hepliaklqana.
  6446 | D:6      | Noticed Menkaure
  6456 | D:6      | Killed Menkaure
  6456 | D:6      | Reached skill level 14 in Slings
  6456 | D:6      | Reached XP level 9. HP: 15/41 MP: 10/10
  6532 | D:6      | Identified Sif Muna's Tome of Protection
  6552 | D:6      | Learned a level 2 spell: Song of Slaying
  6656 | D:6      | Reached skill level 1 in Evocations
  6824 | D:6      | Found a glowing drain.
  6961 | Sewer    | Entered a sewer
  7134 | Sewer    | Found a white marble altar of Elyvilon.
  7702 | D:7      | Found a staircase to the Ecumenical Temple.
  7708 | Temple   | Entered the Ecumenical Temple
  7714 | Temple   | Became a worshipper of Warmaster Okawaru
  7841 | D:7      | You fall into a shaft and drop 3 floors!
  7841 | D:10     | Entered Level 10 of the Dungeon
  7846 | D:10     | Reached skill level 5 in Dodging
  7855 | D:10     | Reached skill level 1 in Invocations
  7911 | D:9      | Noticed a troll
  7920 | D:9      | Killed a troll
  8039 | D:9      | Reached * piety under Okawaru
  8576 | D:7      | Reached skill level 5 in Invocations
  8752 | D:7      | Reached ** piety under Okawaru
  9243 | D:7      | Reached XP level 10. HP: 27/46 MP: 15/15
  9615 | D:8      | Noticed Maggie
  9693 | D:8      | Killed Maggie
 10032 | D:8      | Noticed a two-headed ogre
 10103 | D:8      | Killed a two-headed ogre
 10291 | D:8      | Noticed Gastronok
 10320 | D:8      | Reached *** piety under Okawaru
 11042 | D:8      | Killed Gastronok
 11042 | D:8      | Received a gift from Okawaru
 11042 | D:8      | Reached **** piety under Okawaru
 11042 | D:8      | Reached skill level 10 in Dodging
 11234 | D:9      | Found a staircase to the Orcish Mines.
 11238 | D:9      | Found a roughly hewn altar of Beogh.
 11279 | D:9      | Reached skill level 5 in Evocations
 11390 | D:9      | Received a gift from Okawaru
 11808 | D:10     | Noticed Fannar
 11925 | D:9      | Reached XP level 11. HP: 28/53 MP: 18/18
 12360 | D:10     | Killed from afar by Fannar

Levels and vault maps discovered:
D:1:      shiori_arrival_whats_in_store_for_you, layout_loops_corners
D:2:      layout_basic, lemuel_coloured_pillars_altar, bloody_trog, uniq_natasha
D:3:      layout_rooms, lemuel_doored_altar, uniq_sigmund
D:4:      layout_basic, overflow_temple_1_default, first_ration,
          enter_ossuary_3, chequers_decorated_corner,
          eino_small_chamber_without_monster, grunt_gozag_breadcrumbs,
          uniq_duvessa
D:5:      layout_loops_ring, marbit_many_paths
D:6:      layout_loops_cross, gup_sewer_entry_spiral, corner_web_ring,
          uniq_menkaure
D:7:      layout_loops_ring, minmay_temple_entry_proselytizer
D:8:      layout_loops_ring, uniq_gastronok, uniq_maggie
D:9:      layout_irregular_city, minmay_orc_entry_temple_small,
          hangedman_little_slice_of_home, grunt_ministairs_5
D:10:     layout_cross, david_lair_generic, chequers_serial_rivers_room_a,
          uniq_fannar
Temple:   eino_narrow_crystal_temple

Skill      XL: |  1  2  3  4  5  6  7  8  9 10 |
---------------+-------------------------------+-----
Slings         | 5 6 7 9 10 11 14 | 14.1
Evocations     | 2 5 |  5.5
Dodging        | 7 10 | 10.8
Fighting       | 2 3 |  3.8
Invocations    | 5 8 |  8.0
Stealth        | |  1.5

Action                   |  1- 3 |  4- 6 |  7- 9 | 10-12 || total
-------------------------+-------+-------+-------+-------++-------
 Fire: Hunting sling     |   145 |   209 |   809 |   405 ||  1568
Throw: Dart              |       |       |       |    34 ||    34
       Throwing net      |       |       |       |     1 ||     1
Evoke: Wand              |       |       |       |     1 ||     1
  Use: Scroll            |       |     4 |       |     4 ||     8
       Potion            |       |       |       |     1 ||     1
  Eat: Ration            |       |       |     4 |       ||     4
Armor: Robe              |     5 |       |     4 |       ||     9
       Steam dragon scal |       |       |       |    10 ||    10
Dodge: Dodged            |    25 |    16 |   104 |    90 ||   235

Table legend:
 A = Non-vault XP
 B = Vault XP
 C = Vault XP percentage of total XP
 D = Non-vault monster count
 E = Vault monster count
 F = Vault count percentage of total count
                 A         B        C        D         E       F
            +---------+---------+-------+---------+---------+-------
      Total |    7189 |    4355 |  37.7 |     224 |      62 |  21.7
            +---------+---------+-------+---------+---------+-------
        D:1 |      60 |       0 |   0.0 |      32 |       0 |   0.0
        D:2 |     151 |      36 |  19.3 |      22 |       1 |   4.3
        D:3 |     260 |     220 |  45.8 |      32 |       1 |   3.0
        D:4 |     263 |     228 |  46.4 |      13 |       3 |  18.8
        D:5 |     766 |       0 |   0.0 |      33 |       0 |   0.0
        D:6 |     468 |     213 |  31.3 |       8 |       8 |  50.0
        D:7 |     997 |      40 |   3.9 |      24 |       1 |   4.0
        D:8 |    2234 |    2498 |  52.8 |      27 |       2 |   6.9
        D:9 |    1352 |     660 |  32.8 |      22 |      20 |  47.6
       D:10 |     638 |       0 |   0.0 |      11 |       0 |   0.0
      Sewer |       0 |     115 | 100.0 |       0 |      10 | 100.0
    Ossuary |       0 |     345 | 100.0 |       0 |      16 | 100.0
            +---------+---------+-------+---------+---------+-------
